Map: Ulrena

Players

FireCake - Winner!

  • Race: Zerg Zerg

Scarlett

  • Race: Zerg Zerg

Event: DreamHack Open Tours WCS Spring Championship

VOD

Have the link to the VOD?

Description

Time

  • Played on: May 14, 2016, 3:37 p.m.
  • Length: 7:47

All games in this series

Show
View Real Time Build Order
Export as new Build Order

FireCake Zerg - Winner!

Build Orders: Hatch First 

Get SALT Encoding   

  12  0:00  Drone  
  13  0:07  Drone  
  14  0:17  Overlord  
  14  0:24  Drone, Extractor  
  15  0:35  Drone x2  
  17  0:52  Hatchery  
  17  0:55  Drone  
  17  0:58  Drone  
  18  1:05  Drone  
  19  1:15  Spawning Pool  
  18  1:38  Overlord  
  18  1:43  Hatchery  
  17  1:51  Drone  
  18  2:04  Spine Crawler  
  18  2:06  Zergling x8  
  21  2:12  Queen  
  23  2:19  Zergling x4  
  25  2:27  Queen  
  25  2:29  Spine Crawler  
  27  2:37  Zergling x6  
  30  2:47  Queen  
  32  2:57  Zergling x2  
  32  2:58  Zergling x4  
  30  3:01  Spine Crawler  
  23  3:14  Zergling x8  
  23  3:19  Zergling x2  
  25  3:28  Queen  
  27  3:35  Queen  
  29  3:44  Drone x2  
  32  3:48  Drone  
  32  3:58  Zergling x6  
  26  4:18  Drone  
  26  4:19  Drone x5  
  30  4:29  Queen  
  32  4:38  Queen  
  32  4:43  Zergling x2  
  32  4:44  Zergling x2  
  36  4:52  Spine Crawler  
  31  5:02  Drone x5  
  36  5:14  Extractor x2  
  36  5:20  Drone  
  36  5:21  Overlord  
  36  5:22  Overlord  
  36  5:27  Overlord  
  36  5:41  Drone  
  36  5:42  Drone x5  
  42  5:44  Queen  
  44  5:52  Roach Warren  
  44  5:53  Drone  
  44  5:55  Drone  
  45  6:09  Overlord  
  45  6:32  Roach x10  
  65  6:35  Roach  
  67  6:46  Overlord  
  67  6:47  Overlord  
  67  6:52  Overlord  
  65  7:06  Roach x6  
  77  7:10  Roach  
  79  7:28  Roach x4  
Show
View Real Time Build Order
Export as new Build Order

Scarlett Zerg 

Build Orders: Pool First, Zergling Baneling 

Get SALT Encoding   

  12  0:00  Drone  
  13  0:08  Drone  
  14  0:16  Extractor  
  13  0:29  Spawning Pool  
  13  0:32  Drone  
  13  0:35  Drone  
  14  0:43  Extractor  
  14  0:44  Drone  
  15  0:53  Overlord  
  15  1:16  Zergling x2, Metabolic Boost  
  16  1:19  Queen  
  16  1:24  Zergling x2  
  19  1:28  Zergling x2  
  19  1:32  Zergling x2  
  21  1:41  Baneling Nest  
  21  1:46  Zergling x2  
  21  1:53  Zergling x2  
  22  2:02  Overlord  
  22  2:24  Zergling x4  
  22  2:26  Baneling x2  
  22  2:27  Zergling x6  
  27  2:36  Zergling x2  
  28  2:38  Baneling x2  
  27  2:46  Baneling  
  27  2:48  Overlord  
  26  2:59  Baneling  
  26  3:03  Zergling x2  
  26  3:04  Zergling x6  
  26  3:16  Zergling x2  
  24  3:25  Zergling x2  
  22  3:32  Baneling  
  22  3:33  Baneling x3  
  22  3:35  Zergling x4  
  22  3:38  Zergling x2  
  25  3:45  Baneling  
  25  3:46  Zergling x2  
  26  3:52  Baneling  
  26  3:55  Zergling x2  
  26  4:02  Zergling x2  
  28  4:05  Zergling x2  
  22  4:19  Drone  
  22  4:20  Drone x2  
  24  4:25  Baneling x2  
  24  4:36  Drone x3  
  27  4:44  Drone  
  28  4:51  Drone  
  25  5:00  Drone  
  26  5:11  Hatchery  
  25  5:15  Drone x2  
  27  5:25  Queen  
  27  5:28  Baneling  
  29  5:31  Drone  
  29  5:32  Drone  
  32  5:35  Drone  
  32  5:40  Drone  
  32  5:41  Drone  
  34  5:51  Roach Warren  
  34  5:53  Extractor  
  34  5:56  Drone  
  33  6:01  Drone x2  
  35  6:09  Overlord  
  35  6:13  Queen  
  37  6:18  Drone  
  38  6:27  Overlord  
  38  6:30  Drone  
  39  6:38  Drone  
  39  6:39  Overlord  
  40  6:42  Zergling x2  
  40  6:46  Roach x2  
  44  6:51  Roach  
  46  6:54  Roach  
  46  6:55  Roach  
  46  6:57  Roach  
  46  6:59  Roach  
  54  7:03  Spine Crawler  
  54  7:06  Baneling x2  
  54  7:07  Ravager x2  
  55  7:12  Roach  
  57  7:17  Roach x2  

Tags
 
Add a new tag
Caveats
  • Supply blocks, unpowered buildings, or Contaminate may cause inaccurate times.
  • Supply counts are checked every 10 seconds.